 Dungeon Crawl Stone Soup version 0.23.2-33-g5129a83184 (webtiles) character file.

Game seed: 9189080936340749733

265 manon the Chopper (level 6, -6/53 HPs)
             Began as a Hill Orc Berserker on July 22, 2019.
             Was a Priest of Trog.
             Mangled by a gnoll
             ... wielding a +0 halberd
              (8 damage)
             ... on level 3 of the Dungeon.
             The game lasted 00:09:15 (2778 turns).

manon the Chopper (Hill Orc Berserker)              Turns: 2778, Time: 00:09:15

Health: -6/53      AC:  9    Str: 20 (22) XL:     6   Next: 20%
Magic:  6/6        EV:  8    Int:  6 (7)  God:    Trog [***...]
Gold:   65         SH:  0    Dex:  7 (10) Spells: 5/5 levels left

rFire    . . .     SeeInvis .   a - +0 hand axe
rCold    . . .     Gourm    .   (no shield)
rNeg     . . .     Faith    .   p - +0 chain mail
rPois    .         Spirit   .   (no helmet)
rElec    .         Reflect  .   (no cloak)
rCorr    .         Harm     .   (no gloves)
MR       .....                  (no boots)
Stlth    ..........             (no amulet)
HPRegen  0.17/turn              (no ring)
MPRegen  0.10/turn              (no ring)

@: berserk cooldown, flying, slowed, very slow
A: no striking features
a: Berserk, Trog's Hand, Renounce Religion


You were on level 3 of the Dungeon.
You worshipped Trog.
Trog was most pleased with you.
You were hungry.

You visited 1 branch of the dungeon, and saw 3 of its levels.

You collected 65 gold pieces.

Inventory:

Hand Weapons
 a - a +0 hand axe (weapon)
 d - a +0 hunting sling
 x - a +0 whip of electrocution
Missiles
 e - 12 bolts
 j - 107 stones (quivered)
 m - 21 sling bullets
 t - 2 throwing nets
Armour
 b - a +0 animal skin
 i - a +0 leather armour
 p - a +0 chain mail (worn)
 s - a +0 scale mail
Scrolls
 f - a scroll of identify {unknown}
 g - a scroll of remove curse {unknown}
 h - a scroll of enchant weapon {unknown}
 k - a scroll of enchant armour {unknown}
 o - a scroll of blinking {unknown}
 r - 2 scrolls of immolation {unknown}
Potions
 n - 3 potions of curing
 q - a potion of degeneration
 u - a potion of brilliance {unknown}
 v - a potion of mutation {unknown}
 w - a potion of berserk rage {unknown}
Comestibles
 c - 2 rations


   Skills:
 - Level 4.5 Fighting
 + Level 7.5 Axes
 - Level 3.2 Armour
 - Level 2.0 Dodging


You had 5 spell levels left.
You didn't know any spells.
Your spell library was empty.

Dungeon Overview and Level Annotations

Branches:
Dungeon (3/15)

Altars:
Okawaru

Annotations:
D:3 3 runed translucent doors, Frank's ghost, amateur DgGl


Message History

The gnoll is heavily wounded.
You hit the gnoll. The gnoll hits you.
* * * LOW HITPOINT WARNING * * *
The gnoll barely misses you. The gnoll closely misses you. The gnoll hits you.
* * * LOW HITPOINT WARNING * * *
It was a potion of curing.
You feel better. The gnoll hits you with a +0 spear.
* * * LOW HITPOINT WARNING * * *
The gnoll barely misses you.
The gnoll hits you from afar with a +0 halberd!
* * * LOW HITPOINT WARNING * * *
The gnoll hits you but does no damage.
It was a potion of degeneration.
There was something very wrong with that liquid.
You feel weakened.
You feel dopey.
You feel clumsy.
The gnoll closely misses you. x2; The gnoll hits you but does no damage. x2
It was a potion of flight.
You feel very buoyant.
You fly up into the air.
The gnoll hits you from afar with a +0 halberd!
You die...

.................
≈≈≈≈≈....≈≈≈≈≈≈≈≈
≈≈≈≈≈....≈≈≈≈≈≈≈≈
≈≈≈≈≈....≈≈≈≈≈≈≈≈
.................
#####''''#########
#....#.......#
#....#....gg.#
+...)')...@..#
############g#
#.g.....#
.......g#
g.......#
#........
########. g . ##


You could see 3 gnolls.

Vanquished Creatures
  A gnoll shaman (D:3)
  2 orc priests (D:3)
  5 adders
  5 gnolls (D:3)
  An ooze (D:1)
  2 dart slugs
  2 leopard geckos (D:3)
  13 orcs (D:3)
  4 bats
  2 giant cockroaches (D:3)
  5 goblins
  5 hobgoblins
  4 jackals (D:3)
  A quokka (D:3)
  A ball python (D:3)
  A frilled lizard (D:2)
  6 kobolds
  6 rats
66 creatures vanquished.

Notes
Turn   | Place    | Note
-------+----------+-------------------------------------------
     0 | D:1      | manon the Hill Orc Berserker began the quest for the Orb.
     0 | D:1      | Reached XP level 1. HP: 19/19 MP: 1/1
   327 | D:1      | Reached XP level 2. HP: 14/27 MP: 2/2
   774 | D:2      | Found a faded altar of an unknown god.
   792 | D:2      | Reached XP level 3. HP: 15/33 MP: 3/3
  1275 | D:2      | Reached skill level 5 in Axes
  1510 | D:3      | Reached ** piety under Trog
  1514 | D:3      | Reached XP level 4. HP: 29/40 MP: 4/4
  1663 | D:3      | Noticed Frank's ghost (amateur DgGl)
  1711 | D:3      | Found a runed translucent gate.
  1711 | D:3      | Found a runed translucent gate.
  1711 | D:3      | Found a runed translucent gate.
  1823 | D:3      | Reached XP level 5. HP: 19/47 MP: 5/5
  1907 | D:3      | Reached skill level 6 in Axes
  2101 | D:3      | Found an iron altar of Okawaru.
  2435 | D:3      | Reached skill level 7 in Axes
  2435 | D:3      | Reached XP level 6. HP: 45/53 MP: 6/6
  2450 | D:3      | HP: 2/53 [gnoll/+0 flail (3)]
  2768 | D:3      | Reached *** piety under Trog
  2776 | D:3      | HP: 2/53 [gnoll/+0 halberd (9)]
  2778 | D:3      | Mangled by a gnoll

Skill      XL: |  1  2  3  4  5 |
---------------+----------------+-----
Fighting       | 4 |  4.5
Axes           | 5 7 |  7.5
Dodging        | 2 |  2.0
Armour         | 3 |  3.2

Action                   |  1- 3 |  4- 6 || total
-------------------------+-------+-------++-------
Melee: Hand axe          |    98 |   140 ||   238
Invok: Berserk           |     1 |     4 ||     5
  Use: Potion            |       |     3 ||     3
  Eat: Chunk             |     1 |     9 ||    10
Armor: Animal skin       |     1 |       ||     1
       Leather armour    |    11 |       ||    11
       Chain mail        |    12 |    64 ||    76
Dodge: Dodged            |    67 |    69 ||   136
